 Dungeon Crawl Stone Soup version 0.19-a0-49-gb8736b8 (webtiles) character file.

50 M4edhros the Grave Robber (level 3, -2/21 HPs)
             Began as an Octopode Necromancer on May 6, 2016.
             Slain by a hound (6 damage)
             ... on level 4 of the Dungeon.
             The game lasted 00:03:35 (457 turns).

M4edhros the Grave Robber (Octopode Necromancer)     Turns: 457, Time: 00:03:36

Health: -2/21      AC:  1    Str:  7    XL:     3   Next: 79%
Magic:  2/6        EV: 12    Int: 17    God:
Gold:   114        SH:  0    Dex: 13    Spells: 3 memorised, 1 level left

rFire  . . .     SeeInvis .     h - +1 dagger (venom)
rCold  . . .     Gourm    .     (no shield)
rNeg   . . .     Faith    .     (helmet restricted)
rPois  .         Spirit   .     (no amulet)
rElec  .         Dismiss  .     c - ring of loudness (curse)
rCorr  .         Reflect  .     (no ring)
SustAt .         Harm     .     (no ring)
MR     .....                    (no ring)
Stlth  ++........               (no ring)
                                (no ring)
                                (no ring)
                                (no ring)

@: very slightly contaminated, not resistant to hostile enchantments, unstealthy
A: almost no armour, amphibious, 8 rings, constrict 8, camouflage 1, gelatinous
body 1
a: no special abilities


You were on level 4 of the Dungeon.
You were not hungry.

You visited 1 branch of the dungeon, and saw 4 of its levels.

You collected 114 gold pieces.

Inventory:

Hand Weapons
 h - a +1 dagger of venom (weapon)
Jewellery
 c - a cursed ring of loudness (left tentacle)
Scrolls
 e - a scroll of fog {unknown}
 j - a scroll of identify {unknown}
Potions
 d - a potion of brilliance {unknown}
Books
 a - a book of Necromancy

   Spells                             Type                      Level
   a - Pain                           Necromancy                   1
   b - Animate Skeleton               Necromancy                   1
   c - Vampiric Draining              Necromancy                   3
   d - Regeneration                   Charms/Necromancy            3
   e - Animate Dead                   Necromancy                   4
   f - Control Undead                 Necromancy                   4
Comestibles
 b - 2 bread rations
 f - a meat ration
 g - 4 chunks of flesh
 i - 2 fruits


   Skills:
 - Level 2.0 Dodging
 - Level 2.6 Stealth
 + Level 3.2 Unarmed Combat
 - Level 2.0 Spellcasting
 - Level 4.0 Necromancy


You had one spell level left.
You knew the following spells:

 Your Spells              Type           Power        Failure   Level  Hunger
a - Pain                  Necr           ###.         3%          1    #......
b - Animate Skeleton      Necr           N/A          3%          1    #......
r - Regeneration          Chrm/Necr      #.........   24%         3    ###....


Dungeon Overview and Level Annotations

Branches:
Dungeon (4/15)
 Temple: D:4-7

Altars:
Ashenzari
Pakellas
Xom


Innate Abilities, Weirdness & Mutations

You cannot wear most types of armour.
You are amphibious.
You can wear up to eight rings at the same time.
You can use your tentacles to constrict eight enemies at once.
Your skin changes colour to match your surroundings (Stealth).
Your rubbery body absorbs attacks (AC +1).


Message History

Aiming: Pain
Press: ? - help, Shift-Dir - straight line, f - hound
Aim: a hound (resting, chance to defeat MR: 80%)
The hound barks!
The hound convulses in agony!
The hound bites you.
You hit the hound but do no damage.
The hound is poisoned.
Your grab misses the hound.
The hound is lightly wounded.
The hound bites you.
You are too injured to fight recklessly!
You are too injured to fight recklessly!
Casting: Pain
Confirm with . or Enter, or press ? or * to list all spells.
You miscast Regeneration.
You are very lightly contaminated with residual magic.
You sense a malignant aura.
The hound bites you.
* * * LOW HITPOINT WARNING * * *
The hound bites you.
You die...

#..###_# ###
#...#... ..
##########.#..### ..
.....#.....##.... #.
#.#####......####.#.
... #.#..........#
#...
....#....##......#
###.
......h.#.#.#...##
#.
.......@....##.###
##
#.#####........).#
##.#####.#.# #..
....# #..# ##..#
#..# # #..# #...
##..


You could see a hound.

Vanquished Creatures
  3 adders
  An ooze (D:3)
  A dart slug (D:3)
  A giant gecko (D:3)
  An orc (D:3)
  A giant cockroach (D:3)
  A goblin (D:3)
  2 hobgoblins (D:1)
  A kobold (D:1)
  2 bats (D:2)
  2 rats
16 creatures vanquished.

Vanquished Creatures (collateral kills)
  A hobgoblin (D:3)
1 creature vanquished.

Grand Total: 17 creatures vanquished

Notes
Turn   | Place    | Note
--------------------------------------------------------------
     0 | D:1      | M4edhros the Octopode Necromancer began the quest for the Orb.
     0 | D:1      | Reached XP level 1. HP: 11/11 MP: 3/3
    72 | D:1      | Reached skill level 1 in Unarmed Combat
   154 | D:2      | Reached XP level 2. HP: 16/17 MP: 3/5
   213 | D:3      | Found a shimmering altar of Xom.
   280 | D:3      | Reached XP level 3. HP: 18/21 MP: 6/6
   284 | D:3      | Learned a level 1 spell: Animate Skeleton
   288 | D:3      | Learned a level 3 spell: Regeneration
   354 | D:3      | Found a shattered altar of Ashenzari.
   427 | D:4      | Found an oddly glowing altar of Pakellas.
   457 | D:4      | Slain by a hound

Vault maps used:
D:1:      mrwooster_arrival_arrow
D:2:      led_sif_pool, first_bread
D:3:      evilmike_ruin_ashenzari, lemuel_crystal_altar
D:4:      vehumet_altar_wand_db, grunt_decor_one_mirror, grunt_pakellas_salt

Skill      XL: |  1  2  3 |
---------------+----------+-----
Unarmed Combat | 1 2 3 |  3.2
Dodging        | |  2.0
Stealth        | |  2.6
Spellcasting   | |  2.0
Necromancy     | |  4.0

Action                   || total
-------------------------++-------
Melee: Unarmed           ||     8
       Constrict         ||    10
       Tentacles         ||     2
       Dagger            ||    20
 Cast: Pain              ||    12
       Animate Skeleton  ||     2
       Regeneration      ||     1
 Stab: Sleeping          ||     1
Armor: Skin              ||     2
Dodge: Dodged            ||    13
